 Dungeon Crawl Stone Soup version 0.17-a0-2027-gcac42c4 (webtiles) character file.

2165 kosy22 the Shield-Bearer (level 9, 0/67 HPs)
             Began as a Hill Orc Fighter on Oct 10, 2015.
             Was a Believer of Beogh.
             Succumbed to an orc wizard's poison
             ... on level 7 of the Dungeon.
             The game lasted 00:20:32 (7676 turns).

kosy22 the Shield-Bearer (Hill Orc Fighter)         Turns: 7676, Time: 00:20:32

Health: 0/67       AC: 13    Str: 24    XL:     9   Next: 32%
Magic:  9/9        EV:  8    Int:  8    God:    Beogh [**....]
Gold:   379        SH: 12    Dex: 10    Spells: 0 memorised, 8 levels left

rFire  . . .     SeeInvis .     a - +0 war axe
rCold  . . .     Clarity  .     j - +0 chain mail
rNeg   . . .     SustAt   .     c - +0 shield
rPois  .         Gourm    .     (helmet restricted)
rElec  .         Spirit   .     y - +0 cloak
rCorr  .         Warding  .     (no gloves)
rMut   .         Stasis   .     (no boots)
MR     .....                    (no amulet)
Stlth  ..........               (no ring)
                                e - +1 ring of protection

@: lethally poisoned (0 -> -2), very slightly contaminated, hasted, very quick,
not resistant to hostile enchantments, extremely unstealthy
A: beak, frail 1, strong 1
a: Smiting, Renounce Religion


You were on level 7 of the Dungeon.
You worshipped Beogh.
Beogh was pleased with you.
You were not hungry.

You visited 2 branches of the dungeon, and saw 8 of its levels.

You collected 379 gold pieces.

Inventory:

Hand Weapons
 a - a +0 war axe (weapon)
Armour
 b - a +0 scale mail
 c - a +0 shield (worn)
 j - a +0 chain mail (worn)
 y - a +0 cloak (worn)
Jewellery
 e - a +1 ring of protection (left hand)
Wands
 m - a wand of confusion (23)
Scrolls
 d - a scroll of acquirement {unknown}
 f - a scroll of recharging {unknown}
 h - 2 scrolls of remove curse
 l - a scroll of fear {unknown}
 n - 2 scrolls of enchant weapon {unknown}
 o - a scroll of enchant armour {unknown}
 p - a scroll of blinking {unknown}
 q - 3 scrolls of teleportation {unknown}
 r - 9 scrolls of identify
Potions
 i - a potion of agility {unknown}
 s - 2 potions of poison
 v - a potion of lignification {unknown}
 x - a potion of experience {unknown}
Comestibles
 g - 2 bread rations
 k - 3 meat rations
 w - 3 beef jerkies


   Skills:
 + Level 6.1 Fighting
 + Level 7.7 Axes
 + Level 7.1 Armour
 + Level 3.2 Dodging
 + Level 1.4 Stealth
 + Level 7.9 Shields


You had 8 spell levels left.
You didn't know any spells.

Dungeon Overview and Level Annotations

Branches:
Dungeon (7/15)             Temple (1/1) D:4

Altars:
Trog
Xom

Shops:
D:4 :


Innate Abilities, Weirdness & Mutations

You have a beak for a mouth.
You are frail (-10% HP).
Your muscles are strong. (Str +2)


Message History

* * * LOW HITPOINT WARNING * * *
Drink which item? (? for menu, Esc to quit)
It was a potion of haste.
You feel yourself speed up.
* * * LOW HITPOINT WARNING * * *
You feel sick.
You are very lightly contaminated with residual magic.
You hit the orc warrior.
The orc warrior is severely wounded.
You block the orc warrior's attack.
You closely miss the orc warrior.
You peck the orc warrior, but do no damage.
The orc warrior is severely wounded.
You hear the creaking of a distant portcullis.
The orc warrior hits you but does no damage.
You hit the orc warrior but do no damage.
The orc warrior is severely wounded.
You barely miss the orc warrior.
You peck the orc warrior, but do no damage.
The orc warrior is severely wounded.
You die...

#.###'###.###.#..# #.#
#.# #..##.#..#
#.###.###........##
..+.._..'.###.#...>..
..#######.# #.#...#..
..# ### #.###.#...#
..#######..##.#.<.#
..............##.## ##
.....########.##@##...#
###### #...o)....#
####.##..... #... ....
#.....(.. #........
####.[.## .... ###


You could see an orc warrior.

Vanquished Creatures
  Grinder (D:6)
  Eustachio (D:6)
  An orc warrior (D:6)
  Duvessa (D:6)
  A phantom (D:7)
  A sky beast (D:6)
  An ice beast (D:6)
  A wasp (D:7)
  2 ogres
  A centaur (D:5)
  A giant frog (D:7)
  Dowan (D:6)
  3 scorpions
  A giant frog zombie (D:5)
  4 crimson imps (D:5)
  A centaur zombie (D:6)
  2 orc priests
  3 hounds (D:5)
  An iguana (D:6)
  2 orc wizards
  A worker ant (D:4)
  A worker ant zombie (D:5)
  Robin (D:3)
  10 adders
  6 gnolls (D:6)
  A shadow imp (D:6)
  2 adder zombies
  An ooze (D:5)
  4 worms
  15 orcs
  6 giant cockroaches
  6 hobgoblins
  7 jackals
  4 quokkas
  3 ball pythons
  7 bats
  2 giant geckos
  4 giant newts
  15 goblins
  A jackal zombie (D:5)
  2 kobolds
  2 quokka skeletons
  A quokka zombie (D:7)
  8 rats
140 creatures vanquished.

Vanquished Creatures (others)
  A quokka (D:4)
1 creature vanquished.

Grand Total: 141 creatures vanquished

Notes
Turn   | Place    | Note
--------------------------------------------------------------
     0 | D:1      | kosy22 the Hill Orc Fighter began the quest for the Orb.
     0 | D:1      | Reached XP level 1. HP: 19/19 MP: 1/1
   337 | D:1      | Reached XP level 2. HP: 25/27 MP: 2/2
  1425 | D:2      | Reached XP level 3. HP: 17/33 MP: 3/3
  1501 | D:2      | Reached skill level 4 in Shields
  2150 | D:2      | Reached XP level 4. HP: 40/40 MP: 4/4
  2479 | D:3      | Noticed Robin
  2491 | D:3      | Killed Robin
  3070 | D:3      | Reached XP level 5. HP: 46/46 MP: 5/5
  3489 | D:4      | Found Orchod's Book Shop.
  3545 | D:4      | Reached skill level 5 in Shields
  3668 | D:4      | Found a staircase to the Ecumenical Temple.
  3678 | Temple   | Entered the Ecumenical Temple
  3775 | D:4      | Reached XP level 6. HP: 50/52 MP: 6/6
  3828 | D:4      | Reached skill level 1 in Dodging
  3958 | D:4      | Became a worshipper of Beogh the Brigand
  4219 | D:5      | Entered Level 5 of the Dungeon
  4688 | D:5      | Reached XP level 7. HP: 54/60 MP: 7/7
  4723 | D:5      | Reached skill level 5 in Axes
  4723 | D:5      | Reached skill level 5 in Armour
  5003 | D:5      | Found a shimmering altar of Xom.
  5044 | D:5      | Acquired Beogh's first power
  5044 | D:5      | Reached skill level 6 in Shields
  5195 | D:5      | Paralysed by a crimson imp for 4 turns
  5223 | D:5      | Paralysed by a crimson imp for 7 turns
  5688 | D:5      | Reached skill level 5 in Fighting
  5760 | D:6      | Reached XP level 8. HP: 68/68 MP: 8/8
  5821 | D:6      | Noticed Grinder
  5824 | D:6      | Paralysed by Grinder for 7 turns
  5842 | D:6      | Killed Grinder
  5842 | D:6      | Reached skill level 1 in Stealth
  5963 | D:6      | Noticed Dowan
  5963 | D:6      | Noticed Duvessa
  5977 | D:6      | Killed Duvessa
  5983 | D:6      | Killed Dowan
  6404 | D:6      | Noticed Eustachio
  6424 | D:6      | Reached skill level 7 in Shields
  6504 | D:6      | Killed Eustachio
  6791 | D:6      | Gained mutation: Your muscles are strong. (Str +2) [potion of mutation]
  6791 | D:6      | Gained mutation: You are frail (-10% HP). [potion of mutation]
  6791 | D:6      | Gained mutation: You have a beak for a mouth. [potion of mutation]
  6797 | D:6      | Reached XP level 9. HP: 11/67 MP: 9/9
  7179 | D:6      | Acquired Beogh's second power
  7598 | D:7      | Found a bloodstained altar of Trog.
  7671 | D:7      | HP: 2/67 [orc warrior/mace (12)]
  7676 | D:7      | Succumbed to an orc wizard's poison

Vault maps used:
D:1:      dpeg_arrival_circle_labyrinth_a, grunt_decor_one_mirror,
          hangedman_decor_clover_reticule
D:2:      first_bread
D:3:      uniq_robin
D:4:      lemuel_temple_firewalk_marked, serial_shops, kennysheep_mini,
          serial_park_tiny_2
D:5:      led_xom_imps
D:6:      uniq_duvessa, uniq_grinder, uniq_eustachio
D:7:      lemuel_doored_altar, enter_bailey_3
Temple:   kilobyte_greek_temple_18

Action                   |  1- 3 |  4- 6 |  7- 9 || total
-------------------------+-------+-------+-------++-------
Melee: War axe           |   160 |   202 |   287 ||   649
Invok: Convert to Beogh  |       |     1 |       ||     1
  Use: Scroll            |     3 |       |       ||     3
       Potion            |       |     1 |    10 ||    11
 Stab: Invisible         |       |       |     1 ||     1
  Eat: Royal jelly       |     1 |       |       ||     1
       Bread ration      |     1 |     1 |     3 ||     5
       Beef jerky        |       |     1 |       ||     1
